 Dungeon Crawl Stone Soup version 0.26.1-11-gd32895ea62 (webtiles) character file.

Game seed: 10689981713956476251

67 Descartes the Shield-Bearer (level 4, -7/35 HPs)
             Began as a Formicid Fighter on June 12, 2021.
             Killed by divine providence
             ... invoked by an orc priest
              (15 damage)
             ... on level 3 of the Dungeon.
             The game lasted 00:02:37 (2291 turns).

Descartes the Shield-Bearer (Formicid Fighter)      Turns: 2291, Time: 00:02:38

Health: -7/35      AC:  8    Str: 21    XL:     4   Next: 38%
Magic:  4/4        EV:  8    Int:  8    God:
Gold:   50         SH: 10    Dex: 10    Spells: 3/3 levels left

rFire    + . .     SeeInvis +   a - +0 long sword
rCold    . . .     Faith    .   c - +0 kite shield
rNeg     . . .     Spirit   .   b - +0 scale mail
rPois    .         Reflect  .   (helmet unavailable)
rElec    .         Harm     .   t - +0 cloak (curse)
rCorr    .         Rampage  .   (no gloves)
Will     .....                  (no boots)
Stlth    ..........             (no amulet)
HPRegen  0.11/turn              i - ring of protection from fire
MPRegen  0.09/turn              (no ring)

@: no status effects
A: permanent stasis, dig shafts and tunnels, four strong arms, antennae 3
a: Dig, Shaft Self


You were on level 3 of the Dungeon.
You visited 1 branch of the dungeon, and saw 3 of its levels.

You collected 50 gold pieces.

Inventory:

Hand Weapons
 a - a +0 long sword (weapon)
Missiles
 f - 4 atropa-tipped darts
 g - 30 stones
 h - 63 arrows
 n - 8 boomerangs
 r - 14 sling bullets
Armour
 b - a +0 scale mail (worn)
 c - a +0 kite shield (worn)
 t - a cursed +0 cloak (worn)
Jewellery
 i - a ring of protection from fire (left hand)
Scrolls
 e - 2 scrolls of magic mapping {unknown}
 k - 4 scrolls of teleportation {unknown}
 l - a scroll of random uselessness {unknown}
 m - a scroll of enchant armour {unknown}
 p - a scroll of amnesia {unknown}
 s - a scroll of fog {unknown}
Potions
 d - a potion of might
 j - 2 potions of brilliance {unknown}
 o - 3 potions of lignification {unknown}
 q - a potion of invisibility {unknown}
 u - a potion of flight {unknown}


   Skills:
 - Level 3.2 Fighting
 - Level 2.0 Long Blades
 - Level 3.2 Armour
 + Level 5.9 Shields


You had 3 spell levels left.
You didn't know any spells.
Your spell library was empty.

Dungeon Overview and Level Annotations

Branches:
Dungeon (3/15)

Altars:
Yredelemnul
The Shining One


Innate Abilities, Weirdness & Mutations

You cannot be hasted, slowed, berserked, paralysed or teleported.
You can dig through walls and to a lower floor.
Your four strong arms can wield two-handed weapons with a shield.
You have a pair of large antennae on your head. (SInv)


Message History

You are too injured to fight recklessly!
You are too injured to fight recklessly!
You are too injured to fight recklessly!
You are too injured to fight recklessly!
You are too injured to fight recklessly!
You are too injured to fight recklessly!
You are too injured to fight recklessly!
You are too injured to fight recklessly!
You are too injured to fight recklessly!
You are too injured to fight recklessly!
You hit the orc priest but do no damage.
The orc priest calls down the wrath of Beogh upon you.
Pain shoots through your body!
* * * LOW HITPOINT WARNING * * *
You barely miss the orc priest. You block the orc priest's attack.
You slash the orc priest!
The orc priest is heavily wounded.
The orc priest invokes the aid of Beogh against you.
Beogh smites you!
You die...

####.....#####.###.##
...'....†#...#.....#P
.#.####.....###P#######.
>...........# #.P..PP...
.#.###...)### ###.###.##
#######.#.###.##?###
#P#.#b#
#.$................###
###.###
#......................
...
#.<.lK........@.........
...
#$...)........o.........
..........................
..........................
......###.....<...........
###...# ................
#...# ..............(
##### ...............
.....


You could see an orc priest.

Vanquished Creatures
  4 worms
  A dart slug (D:2)
  A leopard gecko (D:2)
  3 orcs
  2 giant cockroaches
  4 goblins
  7 hobgoblins
  5 jackals
  6 bats
  9 frilled lizards
  A kobold (D:3)
  4 rats
47 creatures vanquished.

Vanquished Creatures (others)
  A hobgoblin (D:2)
1 creature vanquished.

Grand Total: 48 creatures vanquished

Notes
Turn   | Place    | Note
-------+----------+-------------------------------------------
     0 | D:1      | Descartes the Formicid Fighter began the quest for the Orb.
     0 | D:1      | Reached XP level 1. HP: 18/18 MP: 1/1
    89 | D:1      | Reached skill level 4 in Shields
   262 | D:1      | Reached XP level 2. HP: 15/24 MP: 2/2
  1086 | D:2      | Reached XP level 3. HP: 26/29 MP: 3/3
  1140 | D:2      | Reached skill level 5 in Shields
  1836 | D:2      | Found a basalt altar of Yredelemnul.
  1838 | D:2      | Noticed a profane servitor
  1844 | D:2      | Found a glowing golden altar of the Shining One.
  1846 | D:2      | Noticed an angel
  1874 | D:2      | Reached XP level 4. HP: 35/35 MP: 4/4
  2291 | D:3      | Killed from afar by an orc priest

Illustrated notes

Levels and vault maps discovered:
D:1:      dpeg_arrival_orchard, layout_rooms, serial_rivers,
          chequers_serial_rivers_large_a, chequers_serial_rivers_micro_a,
          chequers_serial_rivers_marsh, chequers_serial_rivers_micro_d,
          chequers_serial_rivers_small_3, chequers_serial_rivers_micro_b,
          fountainhead
D:2:      layout_basic, grunt_temple_overflow_holy_war, minmay_quadrilaterals
D:3:      layout_basic, nicolae_ru_sacrificial_ziggurat, serial_aquarium,
          aquarium_bridge_island_small [aquarium_subvault_small_water,
          aquarium_subvault_bridge, aquarium_subvault_balcony,
          aquarium_subvault_bridge, aquarium_subvault_balcony],
          aquarium_window_corridor_1, aquarium_window_1, aquarium_view_2d,
          aquarium_view_2c, aquarium_balcony_5a, minivault_14

Skill      XL: |  1  2  3 |
---------------+----------+-----
Shields        | 4 5 |  5.9
Fighting       | |  3.2
Long Blades    | |  2.0
Armour         | |  3.2

Action                   |  1- 3 |  4- 6 || total
-------------------------+-------+-------++-------
Melee: Long sword        |   114 |    47 ||   161
Armor: Scale mail        |    42 |    20 ||    62
Dodge: Dodged            |    27 |    13 ||    40
Block: Kite shield       |    79 |    16 ||    95
       Rpst.: Long sword |     6 |     5 ||    11
